AoeStats
← RIP

Nomad

505541894Analyzed
3v3 RM · 2mo ago on Sep 9, 2026· 44m 8s· 6 players
Game mode
Random Map
Map size
210×210
Population
200
Speed
Normal
Resources
Standard
Victory
Conquest
Starting age
Dark Age
Ending age
Imperial Age
RankedLock teamsTeams togetherTeam positionsShared explorationLock speedFull tech treeHidden civsTurbo modeCheats
Victory
Defeat
🇧🇷 Wu · Brazil
881
+20
🇩🇪 Britons · Germany
843
+21
🇵🇪 Celts · Peru
834
+21
vs
🇫🇷 Wei · France
1036
-24
🇺🇸 Romans · United States
937
-20
🇩🇪 Turks · Germany
900
-18
Neubs
9:24 Loom
15:19 Feudal Age
22:28 Castle Age
21:57 Double-Bit Axe
21:54 Horse Collar
22:07 Gold Mining
25:39 Bow Saw
25:31 Heavy Plow
27:24 Man-at-Arms
28:17 Long Swordsman
30:18 Forging
31:33 Squires
32:38 Gold Shaft Mining
33:23 Fortified Wall
36:09 Iron Casting
35:35 Scale Mail Armor
35:41 Scale Barding Armor
38:52 Pikeman
40:17 Chain Mail Armor
40:23 Chain Barding Armor
42:36 Imperial Age
40:47 Wheelbarrow
39:57 Town Watch
40:37 Ballistics
40:11 Fletching
42:20 Husbandry
42:31 Bloodlines
44:18 Blast Furnace
43:45 Conscription
sunshine1311
8:08 Loom
16:14 Feudal Age
17:23 Town Watch
17:27 Double-Bit Axe
23:09 Castle Age
22:48 Stone Mining
28:41 Fletching
29:51 Bodkin Arrow
30:35 Gold Mining
36:51 Imperial Age
36:30 Masonry
38:35 Bracer
NeCsuS_FR
4:34 Loom
16:13 Feudal Age
18:45 Double-Bit Axe
18:54 Gold Mining
23:30 Scale Barding Armor
23:38 Bloodlines
25:32 Castle Age
24:56 Fletching
25:35 Forging
25:31 Fishing Lines
26:25 Husbandry
30:58 Padded Archer Armor
31:01 Stone Mining
33:52 Elite Skirmisher
40:45 Wheelbarrow
41:16 Thumb Ring
46:08 Imperial Age
Sérgio Lins
9:05 Loom
17:37 Feudal Age
18:20 Fishing Lines
18:34 Double-Bit Axe
19:44 Wheelbarrow
22:56 Gold Mining
24:19 Horse Collar
24:47 Stone Mining
28:33 Castle Age
26:47 Forging
27:36 Fletching
29:59 Bow Saw
31:05 Hand Cart
31:30 Bodkin Arrow
31:56 Heavy Plow
32:41 Murder Holes
36:21 Imperial Age
35:38 Squires
34:59 Pikeman
35:26 Arson
35:55 Town Watch
36:48 Iron Casting
36:13 Scale Mail Armor
37:34 Conscription
37:36 Halberdier
40:55 Gillnets
41:10 Red Cliffs Tactics
RIP
14:56 Feudal Age
16:35 Double-Bit Axe
17:11 Gold Mining
26:53 Castle Age
24:55 Stone Mining
25:08 Fishing Lines
28:02 Wheelbarrow
28:11 Gillnets
29:23 Bow Saw
33:26 Gold Shaft Mining
35:54 Imperial Age
39:59 Conscription
39:52 Forging
39:42 Scale Mail Armor
40:26 Stronghold
41:56 Iron Casting
41:36 Chain Mail Armor
43:08 Elite Woad Raider
farid_bang-92
3:00 Loom
16:02 Feudal Age
17:08 Fishing Lines
19:32 Gold Mining
21:59 Castle Age
20:32 Padded Archer Armor
20:29 Fletching
23:01 Gillnets
23:02 Crossbowman
24:01 Leather Archer Armor
25:45 Wheelbarrow
27:24 Hand Cart
26:55 Town Watch
27:21 Fletching
28:24 Gold Shaft Mining
28:39 Bodkin Arrow
34:00 Imperial Age
33:52 Ballistics
33:29 Murder Holes
33:45 Fortified Wall
33:48 Masonry
34:13 Scale Mail Armor
34:24 Forging
33:50 Man-at-Arms
34:15 Gambesons
34:31 Squires
34:16 Arson
36:13 Chemistry
35:21 Pikeman
37:11 Warwolf
38:46 Chain Mail Armor
39:07 Iron Casting
39:03 Ring Archer Armor
43:10 Hoardings
43:20 Treadmill Crane
43:52 Masonry
44:08 Double-Bit Axe
Connection lost

Rejoining the realm…

Still unreachable

The connection could not be restored.

Session expired

The server has moved on; the page needs a fresh start.